 Dungeon Crawl Stone Soup version 0.29-a0-451-gfbfa42419e (webtiles) character file.

Game seed: 13604822882978096025

275 dabmancer the Conjurer (level 6, -5/37 HPs)
             Began as an Octopode Conjurer on May 19, 2022.
             Killed by divine providence
             ... invoked by an orc priest
              (15 damage)
             ... on level 4 of the Dungeon.
             The game lasted 00:36:57 (4422 turns).

dabmancer the Conjurer (Octopode Conjurer)          Turns: 4422, Time: 00:36:57

Health: -5/37      AC:  1    Str:  7      XL:     6   Next: 24%
Magic:  3/10       EV: 17    Int: 21 (22) God:
Gold:   171        SH:  0    Dex: 10      Spells: 8/11 levels left

rFire   . . .      SeeInvis .   m - staff of death
rCold   . . .      Faith    .   (no shield)
rNeg    + . .      Spirit   .   e - +0 hat
rPois   .          Reflect  .   (no amulet)
rElec   .          Harm     .   d - +4 ring of slaying
rCorr   .          Rampage  .   h - +4 ring of evasion
Will    .....                   (no ring)
Stlth   +++.......              (no ring)
HPRegen 0.12/turn               (no ring)
MPRegen 0.12/turn               (no ring)
                                (no ring)
                                (no ring)

@: no status effects
A: almost no armour, amphibious, 8 rings, camouflage 1, gelatinous body 1,
(nimble swimmer 1), tentacles, tentacle spike 1, deterioration 1
a: no special abilities


You were on level 4 of the Dungeon.
You visited 1 branch of the dungeon, and saw 4 of its levels.

You collected 171 gold pieces.

Inventory:

Hand Weapons
 i - a +0 quarterstaff
 r - a +2 dagger of venom
 s - a +0 trident
 t - a +1 short sword of speed
Missiles
 k - 11 boomerangs
 l - 54 stones
 n - a throwing net
Armour
 e - a +0 hat (worn)
 p - the +1 ring mail of the Sturgeon {*Slow rElec rF+++ Str+7}
   (You found it on level 3 of the Dungeon)

   Str:       It affects your strength (+7).
   rF:        It renders you almost immune to fire.
   rElec:     It insulates you from electricity.
   *Slow:     It may slow you when you take damage.
 v - a scarf of repulsion
 w - a +1 pair of boots
Magical Staves
 m - a staff of death (weapon)
Jewellery
 d - a +4 ring of slaying (left tentacle)
 h - a +4 ring of evasion (right tentacle)
Scrolls
 c - a scroll of enchant armour
 f - 2 scrolls of immolation
 j - 2 scrolls of identify
 q - 2 scrolls of fog
Potions
 a - a potion of magic
 b - a potion of cancellation {unknown}
 g - a potion of brilliance
 o - a potion of curing
 u - a potion of resistance


   Skills:
 + Level 0.3 Fighting
 + Level 0.5 Staves
 + Level 2.5 Dodging
 + Level 4.0 Stealth
 + Level 3.3 Spellcasting
 + Level 5.9 Conjurations


You had 8 spell levels left.
You knew the following spells:

 Your Spells              Type           Power      Damage    Failure   Level
a - Magic Dart            Conj           100%       1d8       1%          1
b - Searing Ray           Conj           56%        2d6       1%          2

Your spell library contained the following spells:

 Spells                   Type           Power      Damage    Failure   Level
 Dazzling Flash           Conj/Hex       32%        N/A       12%         3
 Poisonous Vapours        Pois/Air       6%         N/A       21%         2
 Fulminant Prism          Conj/Hex       8%         3d7       36%         4
 Iskenderun's Mystic Bla  Conj/Tloc      16%        2d5       36%         4
 Corpse Rot               Necr/Pois/Air  5%         N/A       78%         4


Dungeon Overview and Level Annotations

Branches:
Dungeon (4/15)
 Temple: D:4-7

Altars:
Beogh

Shops:
D:4 (


Innate Abilities, Weirdness & Mutations

You cannot wear most types of armour.
You are amphibious.
You can wear up to eight rings at the same time.
Your skin changes colour to match your surroundings (Stealth+).
Your rubbery body absorbs attacks. (AC +1, EV +1)
((You are camouflaged when in or above water. (Stealth+)))
You have tentacles for arms and can constrict up to eight enemies at once.
One of your tentacles bears a spike.
Your body sometimes deteriorates upon taking damage.


Message History

The orc priest calls upon Beogh to heal the orc.
The orc's wounds heal themselves!
The orc hits you with a +0 dagger.
Your body deteriorates!
You feel dopey.
The magic dart hits the orc.
The orc is severely wounded.
You constrict the orc.
The orc escapes!
The magic dart hits the orc.
You kill the orc!
The orc wizard shouts!
The orc wizard casts a spell.
The orc wizard flickers and vanishes!
Deactivating autopickup; reactivate with Ctrl-A.
The magic dart hits the orc priest.
The orc priest is moderately wounded.
The orc priest invokes the aid of Beogh against you.
Beogh smites you!
You feel better. The orc priest barely misses you.
You closely miss the orc priest. Your grab misses the orc priest.
You pierce the orc priest.
Your squeeze misses the orc priest.
The orc priest is heavily wounded.
The orc priest hits you with a +0 short sword.
Press: ? - help, v - describe, . - travel The floor.
An orc priest is nearby!
Press: ? - help, v - describe, . - travel The floor.
Okay, then.
The magic dart hits the orc priest.
The orc priest is severely wounded.
The orc priest calls down the wrath of Beogh upon you.
Beogh smites you!
* * * LOW HITPOINT WARNING * * *
You hear some strange, mumbled words.
A puff of flame appears from out of thin air!
The puff of flame hits you!
* * * LOW HITPOINT WARNING * * *
You feel better.
The orc priest calls down the wrath of Beogh upon you.
Beogh smites you!
You die...

.#.#.†.............)†.....######
....................##......^...
###.#.#.#÷......########..######
###.#S#.........# #..#
....#.#####.....# #..#######
##..#.######.#..## #.........
##..#............# #.########
##..########.....# #.# #.....
....# ######....@# #.# #.####
##..###........{o#### #.# #.# #
#........##..##).).# #.# #.# #
#............##.##{# #.###.## #
#.####.#.###.##.##'# #.##...###
#.# ##.#.###.####.oo #....#...)
#.# #........# $8.8$ ####...###
##.###..#.##### #$...$# ##.#...
..........#######.8$8.# #.#.##


You could see an orc priest.

Vanquished Creatures
  A phantom (D:4)
  A hound (D:4)
  An orc priest (D:4)
  6 adders
  2 dart slugs
  6 orcs (D:4)
  9 ball pythons
  10 endoplasms
  2 giant cockroaches (D:4)
  9 hobgoblins
  4 kobolds
  3 quokkas
  4 bats
  3 frilled lizards (D:1)
  5 goblins
  13 rats
79 creatures vanquished.

Vanquished Creatures (collateral kills)
  A ball python (D:1)
1 creature vanquished.

Vanquished Creatures (others)
  A fungus (D:1)
  A plant (D:1)
2 creatures vanquished.

Grand Total: 82 creatures vanquished

Notes
Turn   | Place    | Note
-------+----------+-------------------------------------------
     0 | D:1      | dabmancer the Octopode Conjurer began the quest for the
                  | Orb.
     0 | D:1      | Reached XP level 1. HP: 11/11 MP: 3/3
    78 | D:1      | Gained mutation: Your body sometimes deteriorates upon
                  | taking damage. [potion of mutation]
    78 | D:1      | Gained mutation: One of your tentacles bears a spike.
                  | [potion of mutation]
   277 | D:1      | Reached XP level 2. HP: 17/17 MP: 3/5
  1103 | D:1      | Reached XP level 3. HP: 21/21 MP: 4/6
  1275 | D:1      | Found a faded altar of an unknown god.
  1712 | D:2      | Reached skill level 5 in Conjurations
  1796 | D:2      | Reached XP level 4. HP: 27/27 MP: 1/7
  2261 | D:2      | Learned a level 2 spell: Searing Ray
  2956 | D:3      | Identified the +1 ring mail of the Sturgeon {*Slow rElec
                  | rF+++ Str+7}
  3549 | D:4      | Found Teedoix's Antique Weapon Boutique.
  3558 | D:4      | Reached XP level 5. HP: 31/31 MP: 2/8
  3997 | D:4      | Noticed a phantom
  4133 | D:4      | Killed a phantom
  4134 | D:4      | Reached XP level 6. HP: 37/37 MP: 0/10
  4421 | D:4      | HP: 1/37 [something/puff of flame (10)]
  4422 | D:4      | Killed from afar by an orc priest

Illustrated notes

Levels and vault maps discovered:
D:1:      lightli_arrival_lavapool, layout_loops_ring,
          shapermc_ecumenical_altar_mp_urbaneastern, minmay_close_crescents
D:2:      layout_rooms, serial_glass, glass_columns_b, glass_columns_c,
          supply_closet_lemuel, st_stairs_3
D:3:      layout_basic
D:4:      layout_loops_ring, serial_shops, shop, kennysheep_orc_chapel

Skill      XL: |  1  2  3  4  5  6 |
---------------+-------------------+-----
Stealth        | 3 4 |  4.0
Conjurations   | 5 |  5.9
Spellcasting   | 3 |  3.3
Fighting       | |  0.3
Staves         | |  0.5
Dodging        | |  2.5

Action                   |  1- 3 |  4- 6 || total
-------------------------+-------+-------++-------
Melee: Whip              |    10 |     5 ||    15
       Kick              |     2 |    10 ||    12
       Constrict         |     1 |    10 ||    11
       Staff             |       |    23 ||    23
       Tentacles         |       |     3 ||     3
 Cast: Magic Dart        |    60 |    74 ||   134
       Searing Ray       |       |     4 ||     4
  Use: Scroll            |     8 |     7 ||    15
       Potion            |     3 |     5 ||     8
Armor: Skin              |       |     2 ||     2
Dodge: Dodged            |     4 |    35 ||    39

Table legend: (Time is in decaauts)
 A = Elapsed time spent in this place.
 B = Non-inter-level travel time spent in this place.
 C = Inter-level travel time spent in this place.
 D = Time resting spent in this place.
 E = Time spent auto-exploring this place.
 F = Levels seen in this place.
 G = Mean time per level.
                   A        B        C        D        E       F      G
               +--------+--------+--------+--------+--------+-----+--------+
         Total |   4416 |   4314 |    102 |   1031 |   2322 |   4 | 1104.0 |
       Dungeon |   4416 |   4314 |    102 |   1031 |   2322 |   4 | 1104.0 |
               +--------+--------+--------+--------+--------+-----+--------+

Top non-repeatable levels by time:
     D:1: 1433 daAuts
     D:3: 1158 daAuts
     D:2: 948 daAuts
     D:4: 876 daAuts
